 Dungeon Crawl Stone Soup version 0.30-a0-949-g53dc5368d7 (console) character file.

Game seed: 9590005876064706131

10112 utis the Slicer (level 11, 0/71 HPs)
             Began as a Tengu Wanderer on Mar 27, 2023.
             Killed by vampiric draining
             ... invoked by a vampire
              (17 damage)
             ... on level 11 of the Dungeon.
             The game lasted 00:43:18 (15084 turns).

utis the Slicer (Tengu Wanderer)                   Turns: 15084, Time: 00:43:19

Health: 0/71       AC: 27    Str: 16    XL:     11   Next: 57%
Magic:  15/15      EV:  4    Int: 16    God:
Gold:   166        SH:  0    Dex: 13    Spells: 10/14 levels left

rFire   . . .      SeeInvis +    b - +2 short sword (protect)
rCold   . . .      Faith    .    (no shield)
rNeg    . . .      Spirit   .    z - +1 crystal plate armour of Vuq Kapt {Dex+2}
rPois   .          Reflect  .    (helmet restricted)
rElec   .          Rampage  .    V - +0 cloak
rCorr   .                        (no gloves)
Will    .....                    (boots unavailable) Stlth
                                 t - amulet of the acrobat
HPRegen 0.31/turn                Y - +4 ring of slaying
MPRegen 0.14/turn                v - ring of see invisible

@: under a protective aura, flying quickly and evasively, quick
A: beak, talons 3, nimble flight
a: no special abilities


You were on level 11 of the Dungeon.
You visited 1 branch of the dungeon, and saw 11 of its levels.
You also visited: Ossuary.

You collected 636 gold pieces.
You spent 470 gold pieces at shops.

Inventory:

Hand Weapons
 a - a +3 short sword of draining
 b - a +2 short sword of protection (weapon)
 c - a +0 dagger
 B - a +0 rapier
 K - a +0 mace of pain
 Q - a +0 mace of draining
 S - a +2 scimitar
Missiles
 D - 3 silver boomerangs
 H - a throwing net {=f}
 W - 8 boomerangs (quivered)
Armour
 e - a +0 leather armour
 w - a +0 ring mail
 z - the +1 crystal plate armour of Vuq Kapt (worn) {Dex+2}
   (You acquired it on level 1 of the Dungeon)

   Dex:       It affects your dexterity (+2).
 L - a +1 scale mail
 T - +0 acid dragon scales
 V - a +0 cloak (worn)
Magical Staves
 y - a staff of death
Jewellery
 o - a +4 ring of protection
 t - an amulet of the acrobat (around neck)
 v - a ring of see invisible (right hand)
 F - a ring of fire
 G - an amulet of guardian spirit
 I - a +6 ring of intelligence
 O - a +4 ring of protection
 P - a ring of poison resistance
 Y - a +4 ring of slaying (left hand)
Wands
 E - a wand of roots (23)
 M - a wand of polymorph (5)
Scrolls
 d - 4 scrolls of fog
 f - 3 scrolls of magic mapping
 j - a scroll of fear
 m - 2 scrolls of blinking
 p - 10 scrolls of teleportation {@r4}
 r - 3 scrolls of enchant armour
 N - 2 scrolls of enchant weapon
Potions
 g - a potion of degeneration {@e1}
 h - 4 potions of haste {@q3}
 i - 4 potions of curing {@q1}
 k - a potion of mutation {unknown}
 l - 2 potions of magic
 n - a potion of invisibility {unknown}
 q - a potion of cancellation {unknown}
 s - 4 potions of lignification
 u - 2 potions of might
 x - 2 potions of heal wounds {@q2}
 A - 4 potions of resistance
 C - a potion of brilliance {unknown}
 R - a potion of attraction {unknown}
 U - a potion of berserk rage {unknown}
Miscellaneous
 J - a piece from Xom's chessboard (14/15)


   Skills:
 - Level 9.1 Fighting
 - Level 10.0 Short Blades
 - Level 3.0 Throwing
 + Level 6.2 Armour
 - Level 9.9 Dodging
 - Level 2.0 Spellcasting
 - Level 5.0 Conjurations
 - Level 5.0 Air Magic
 - Level 3.0 Poison Magic
 - Level 3.0 Evocations


You had 10 spell levels left.
You knew the following spells:

 Your Spells              Type           Power      Damage    Failure   Level
t - Static Discharge      Conj/Air       34%        2-4/arc   100%        2
Y - Cigotuvi's Dreadful   Necr/Pois/Air  20%        N/A       100%        2

Your spell library contained the following spells:

 Spells                   Type           Power      Damage    Failure   Level
 Kiss of Death            Conj/Necr      36%        2d8       100%        1
 Sublimation of Blood     Necr           1%         N/A       100%        2
 Wereblood                Tmut           1%         N/A       100%        2
 Confusing Touch          Hex            1%         N/A       100%        3
 Gell's Gravitas          Tloc           1%         N/A       100%        3
 Inner Flame              Hex/Fire       1%         N/A       100%        3
 Ozocubu's Armour         Ice            1%         N/A       100%        3
 Teleport Other           Tloc           1%         N/A       100%        3
 Dispel Undead            Necr           1%         3d6       100%        4
 Flame Wave               Conj/Fire      9%         2d6       100%        4
 Sticky Flame             Conj/Fire      9%         2d3       100%        4
 Dispersal                Tloc           0%         N/A       100%        6
 Ozocubu's Refrigeration  Ice            0%         4d7       100%        7
 Summon Hydra             Summ           0%         N/A       100%        7


Dungeon Overview and Level Annotations

Branches:
Dungeon (11/15)            Temple (0/1) D:4            Lair (0/5) D:8
Ossuary (visited)
    Orc: D:9-12

Altars:
Cheibriados
Dithmenos
Gozag
Makhleb
Okawaru
Qazlal
Sif Muna
Vehumet
Wu Jian
Xom
The Shining One

Shops:
D:1 ?*[*   D:4 ?

Annotations:
D:7 2 transporters, mopl's ghost, novice MfFi
D:9 3 runed translucent doors, Nepie's ghost, novice GrFi


Innate Abilities, Weirdness & Mutations

You have a beak for a mouth.
You have claws for feet.
Your magical nature lets you fly swiftly and evasively.


Message History

You hit the vampire. Your kick misses the vampire. You peck the vampire.
The vampire is heavily damaged.
You hit the vampire but do no damage.
The vampire is heavily damaged.
The vampire draws life force from you!
* * * LOW HITPOINT WARNING * * *
The vampire is healed by the life force!
You hit the vampire but do no damage. Your kick misses the vampire.
Your peck misses the vampire.
The vampire is moderately damaged.
You closely miss the vampire.
The vampire is moderately damaged.
The vampire hits you but does no damage.
The vampire barely misses you.
You puncture the vampire! You claw the vampire.
The vampire is heavily damaged.
You hit the vampire but do no damage. Your kick misses the vampire.
The vampire is heavily damaged.
The vampire hits you but does no damage.
The vampire bites you but does no damage.
You hit the vampire but do no damage. Your kick misses the vampire.
You peck the vampire, but do no damage.
The vampire is heavily damaged.
You puncture the vampire! Your kick misses the vampire.
The vampire is severely damaged.
The vampire draws life force from you!
* * * LOW HITPOINT WARNING * * *
The vampire is healed by the life force!
You completely miss the vampire. Your kick misses the vampire.
The vampire is heavily damaged.
You hit the vampire but do no damage.
The vampire is heavily damaged.
The vampire hits you but does no damage.
The vampire bites you but does no damage.
You hit the vampire.
The vampire is severely damaged.
You hit the vampire. You claw the vampire.
The vampire is almost destroyed.
The vampire draws life force from you!
You die...

[ .. ... ░░░
░░░ <... ..░
..=. .....
░.░░..░
......░.†...░
░..VQ...░
░░░░░░░░░


You could see a vampire (invisible).

Vanquished Creatures
  Erolcha (D:10)
  3 death yaks (D:7)
  A kobold demonologist (D:9)
  An unseen horror (D:10)
  A komodo dragon (D:10)
  2 trolls
  2 hornets
  A shadow (D:10)
  A vampire (D:10)
  4 wyverns
  4 yaks
  2 steam dragons
  An acid dragon (D:10)
  A water moccasin (D:6)
  6 orc warriors
  2 sky beasts
  A black bear (D:8)
  An ice beast (D:6)
  4 centaurs
  A phantom (D:5)
  2 kobold brigands
  Blork the orc (D:6)
  4 bullfrogs
  3 scorpions
  11 wights
  10 killer bees
  3 howler monkeys
  A crimson imp (D:4)
  A centaur zombie (Ossuary)
  A jelly (D:6)
  2 orc priests
  2 gnoll boudas
  3 sleepcaps
  5 iguanas
  Natasha (thrice) (D:4)
  9 orc wizards
  5 mummies (Ossuary)
  19 gnolls
  4 adders
  A shadow imp (D:5)
  A white imp (D:8)
  2 ufetubi
  2 worms
  3 dart slugs
  27 orcs
  8 ball pythons
  6 bats
  4 endoplasms
  2 giant cockroaches
  5 hobgoblins
  2 quokkas
  6 frilled lizards
  5 goblins
  A goblin zombie (D:4)
  9 hobgoblin zombies
  18 kobolds
  2 kobold skeletons (D:4)
  An orc zombie (D:4)
  4 rats
238 creatures vanquished.

Vanquished Creatures (others)
  A shadow (D:10)
  A fungus (D:9)
  3 plants (D:9)
5 creatures vanquished.

Grand Total: 243 creatures vanquished

Notes
Turn   | Place    | Note
-------+----------+-------------------------------------------
     0 | D:1      | utis the Tengu Wanderer began the quest for the Orb.
     0 | D:1      | utis set off with the following items: a +2 short sword, 9
                  | boomerangs, a +0 dagger, a scroll of fog, a +0 leather
                  | armour; and the following spells available to memorise:
                  | Static Discharge, Cigotuvi's Dreadful Rot.
     0 | D:1      | Reached XP level 1. HP: 12/12 MP: 4/4
   156 | D:1      | Reached XP level 2. HP: 15/16 MP: 6/6
   216 | D:1      | Found Cotup's Assorted Antiques.
   447 | D:1      | You fall into a shaft and drop 1 floor!
   560 | D:1      | Reached skill level 1 in Dodging
   574 | D:1      | Found Mutyew's General Store.
   587 | D:1      | Bought a scroll of teleportation for 36 gold pieces
   608 | D:1      | Found Voch's Magic Scroll Boutique.
  1038 | D:1      | Found Wogocor's Armour Emporium.
  1147 | D:1      | Bought a scroll of identify for 28 gold pieces
  1196 | D:2      | Reached XP level 3. HP: 20/20 MP: 7/7
  2250 | D:3      | Found a radiant altar of Vehumet.
  2379 | D:3      | Reached XP level 4. HP: 26/26 MP: 8/8
  2788 | D:4      | HP: 1/26 [iguana (13)]
  2793 | D:4      | Reached skill level 4 in Short Blades
  2893 | D:4      | Learned a level 2 spell: Static Discharge
  2896 | D:4      | Learned a level 2 spell: Cigotuvi's Dreadful Rot
  2899 | D:4      | Noticed Natasha
  2914 | D:4      | Killed Natasha
  3026 | D:4      | Gained mutation: Your magical nature lets you fly swiftly
                  | and evasively. [Tengu growth]
  3026 | D:4      | Reached XP level 5. HP: 30/30 MP: 9/9
  3047 | D:4      | Found a glowing golden altar of the Shining One.
  3086 | D:4      | Reached skill level 1 in Conjurations
  3122 | D:4      | Found Xotisipp's Magic Scroll Boutique.
  3141 | D:4      | Bought a scroll of identify for 28 gold pieces
  3141 | D:4      | Bought a scroll of identify for 28 gold pieces
  3180 | D:4      | Noticed Natasha
  3194 | D:4      | Killed Natasha
  3219 | D:4      | Found an iron altar of Okawaru.
  3287 | D:4      | Noticed Natasha
  3299 | D:4      | Killed Natasha
  3300 | D:4      | Reached XP level 6. HP: 29/36 MP: 10/10
  3312 | D:4      | Found a staircase to the Ecumenical Temple.
  3593 | D:4      | Noticed a sky beast
  3617 | D:4      | Killed a sky beast
  4051 | D:5      | Entered Level 5 of the Dungeon
  4071 | D:4      | Bought a scroll of identify for 28 gold pieces
  4383 | D:5      | Reached XP level 7. HP: 41/41 MP: 11/11
  4638 | D:5      | Found an ornate altar of the Wu Jian Council.
  4718 | D:5      | Reached skill level 5 in Short Blades
  4921 | D:5      | Found a stormy altar of Qazlal.
  4924 | D:5      | Noticed a water elemental
  4924 | D:5      | Noticed a fire elemental
  4925 | D:5      | Noticed an air elemental
  5312 | D:6      | Noticed Blork the orc
  5320 | D:6      | Killed Blork the orc
  5321 | D:6      | Reached skill level 5 in Air Magic
  5331 | D:6      | Reached skill level 1 in Poison Magic
  5331 | D:6      | Reached XP level 8. HP: 34/48 MP: 12/12
  5585 | D:6      | Noticed a wyvern
  5603 | D:5      | Killed a wyvern
  5604 | D:5      | Reached skill level 6 in Short Blades
  6411 | D:6      | Reached skill level 5 in Conjurations
  6765 | D:6      | Reached skill level 7 in Short Blades
  6765 | D:6      | Reached skill level 5 in Dodging
  6903 | D:6      | Reached XP level 9. HP: 48/53 MP: 13/13
  7119 | D:6      | Reached skill level 5 in Fighting
  7320 | D:7      | Noticed a hornet
  7403 | D:7      | Found a sand-covered staircase.
  7411 | Ossuary  | Entered an ossuary
  7821 | D:7      | Found a transporter.
  7852 | D:7      | Found a transporter.
  7852 | D:7      | Noticed mopl's ghost (novice MfFi)
  7852 | D:7      | Noticed a komodo dragon
  7870 | D:7      | Reached skill level 8 in Short Blades
  7903 | D:7      | Found a shimmering blue altar of Sif Muna.
  7921 | D:7      | Paralysed by a hornet for 1 turns
  7925 | D:7      | Killed a hornet
  8405 | D:7      | Noticed a troll
  8650 | D:7      | Killed a troll
  8651 | D:7      | Reached skill level 9 in Short Blades
  9104 | D:8      | Found a burning altar of Makhleb.
  9501 | D:8      | Reached XP level 10. HP: 61/61 MP: 14/14
  9593 | D:8      | Reached skill level 10 in Short Blades
 10008 | D:8      | Noticed a death yak
 10038 | D:8      | Noticed a death yak
 10039 | D:8      | Found a staircase to the Lair.
 10041 | D:8      | Noticed a death yak
 10620 | D:7      | Killed a death yak
 10812 | D:8      | Reached skill level 1 in Evocations
 11077 | D:7      | Killed a death yak
 11605 | D:7      | Killed a death yak
 11606 | D:7      | Reached XP level 11. HP: 33/69 MP: 15/15
 11723 | D:8      | Found a burning altar of Makhleb.
 11919 | D:8      | Found a staircase to the Lair.
 12455 | D:9      | Found a snail-covered altar of Cheibriados.
 12908 | D:4      | Bought a scroll of identify for 28 gold pieces
 12908 | D:4      | Bought a scroll of identify for 28 gold pieces
 12912 | D:4      | Bought a scroll of fear for 56 gold pieces
 12912 | D:4      | Bought a scroll of enchant armour for 105 gold pieces
 12971 | D:1      | Bought a scroll of enchant weapon for 105 gold pieces
 13074 | D:1      | Identified a scroll of acquirement
 13074 | D:1      | Acquired the +1 crystal plate armour of Vuq Kapt {Dex+2}
 13286 | D:9      | Found an opulent altar of Gozag.
 13380 | D:9      | Found a runed translucent gate.
 13381 | D:9      | Found a runed translucent gate.
 13382 | D:9      | Found a runed translucent gate.
 13387 | D:9      | Noticed Nepie's ghost (novice GrFi)
 13538 | D:10     | Entered Level 10 of the Dungeon
 13590 | D:10     | Reached skill level 1 in Armour
 13976 | D:10     | Found a shadowy altar of Dithmenos.
 14026 | D:10     | Noticed Erolcha
 14038 | D:10     | Killed Erolcha
 14263 | D:10     | Reached skill level 5 in Armour
 14446 | D:10     | Found a shimmering altar of Xom.
 15084 | D:11     | Killed from afar by a vampire

Illustrated notes

Levels and vault maps discovered:
D:1:      amcnicky_arrival_abandoned_market, layout_basic, serial_shops,
          nicolae_shop_crystal, nicolae_shop_waterfront, shop,
          nicolae_shop_stone, grunt_decor_mini_mirrors, minmay_small_reverse_x
D:2:      layout_basic, minmay_tromino_i2
D:3:      layout_loops_ring, overflow_temple_1_default
D:4:      layout_basic, nicolae_tso_besieged_by_evil, marbit_many_paths,
          minmay_temple_entry_wispy, serial_shops, shop, uniq_natasha
D:5:      layout_loops_ring, nicolae_qazlal_style_of_elements,
          nicolae_wu_jian_glorious_leap, fountainhead
D:6:      layout_basic, hellmonk_bongcloud_opening, uniq_blork_the_orc
D:7:      layout_basic, nicolae_sif_muna_condensation,
          nicolae_ossuary_entry_plus, gammafunk_ghost_arena,
          nrook_loot_triangle, hellmonk_no_cap
D:8:      minmay_s_stair_smasher, layout_cave_pools,
          mainiacjoe_overflow_catwalk, dpeg_lair_monsters
D:9:      layout_basic, kennysheep_slug_shrine, lemuel_tele_altar,
          gammafunk_ghost_nasty_kobolds
D:10:     layout_basic, tgw_xom, nicolae_dithmenos_shadow_blocks,
          chequers_serial_rivers_small_a, uniq_erolcha
D:11:     lemuel_bear_cage, layout_loops_cross, zin_angel

Skill      XL: |  1  2  3  4  5  6  7  8  9 10 11 |
---------------+----------------------------------+-----
Air Magic      | 2 3 4 5 |  5.0
Dodging        | 1 2 3 4 5 6 9 |  9.9
Fighting       | 2 3 4 6 8 9 |  9.1
Short Blades   | 4 5 7 9 10 | 10.0
Conjurations   | 2 4 5 |  5.0
Poison Magic   | 1 3 |  3.0
Evocations     | 2 3 |  3.0
Armour         | 6 |  6.2
Throwing       | |  3.0
Spellcasting   | |  2.0

Action                     |  1- 3 |  4- 6 |  7- 9 | 10-12 || total
---------------------------+-------+-------+-------+-------++-------
  Melee: Short sword       |   105 |   154 |   327 |   372 ||   958
         Peck              |    13 |    23 |    56 |    96 ||   188
         Kick              |    18 |    46 |   118 |   155 ||   337
         Punch             |       |     1 |     3 |     6 ||    10
  Throw: Stone             |    17 |    16 |       |       ||    33
         Boomerang         |     3 |     3 |    14 |    50 ||    70
   Cast: Static Discharge  |       |       |     4 |       ||     4
         Cigotuvi's Dreadf |       |       |     1 |     1 ||     2
  Evoke: Piece from Xom's  |       |       |     1 |     3 ||     4
    Use: Scroll            |     2 |     5 |     6 |     8 ||    21
         Potion            |       |       |       |     1 ||     1
 Armour: Leather armour    |    15 |       |       |       ||    15
         Ring mail         |     4 |    25 |    34 |       ||    63
         Scale mail        |       |       |    41 |    52 ||    93
         Crystal plate arm |       |       |       |    50 ||    50
  Dodge: Dodged            |    44 |    53 |   172 |   159 ||   428

Table legend: (Time is in decaauts)
 A = Elapsed time spent in this place.
 B = Non-inter-level travel time spent in this place.
 C = Inter-level travel time spent in this place.
 D = Time resting spent in this place.
 E = Time spent auto-exploring this place.
 F = Levels seen in this place.
 G = Mean time per level.
                   A        B        C        D        E       F      G
               +--------+--------+--------+--------+--------+-----+--------+
         Total |  14050 |  12955 |   1095 |   4046 |   6324 |  12 | 1170.8 |
       Dungeon |  13691 |  12596 |   1095 |   3839 |   6279 |  11 | 1244.6 |
       Ossuary |    359 |    359 |      0 |    206 |     44 |   1 |  359.0 |
               +--------+--------+--------+--------+--------+-----+--------+

Top non-repeatable levels by time:
     D:7: 2335 daAuts
     D:5: 1731 daAuts
     D:8: 1633 daAuts
     D:6: 1532 daAuts
     D:4: 1316 daAuts
     D:1: 1281 daAuts
    D:10: 1230 daAuts
     D:9: 975 daAuts
     D:2: 924 daAuts
     D:3: 715 daAuts
 Ossuary: 359 daAuts
    D:11: 14 daAuts
